 Dungeon Crawl Stone Soup version 0.20.1-1-g8b1a95d (webtiles) character file.

912 homeworkjunkie the Chopper (level 8, -6/61 HPs)
             Began as a Hill Orc Fighter on Jan 2, 2018.
             Killed by nerve-wracking pain
             ... invoked by Menkaure
              (12 damage)
             ... on level 6 of the Dungeon.
             The game lasted 00:06:32 (3706 turns).

homeworkjunkie the Chopper (Hill Orc Fighter)       Turns: 3706, Time: 00:06:32

Health: -6/61      AC: 10    Str: 17 (20) XL:     8   Next: 9%
Magic:  8/8        EV:  8    Int:  5 (8)  God:
Gold:   242        SH: 14    Dex: 13 (14) Spells: 7/7 levels left

rFire    . . .     SeeInvis .   g - +3 hand axe (venom)
rCold    . . .     Gourm    .   c - +0 shield
rNeg     . . .     Faith    .   b - +2 scale mail
rPois    +         Spirit   .   (no helmet)
rElec    .         Reflect  .   (no cloak)
rCorr    .         Harm     .   p - +0 pair of gloves {Dex+3}
MR       +....                  (no boots)
Stlth    ..........             (no amulet)
Regen    0.2/turn               q - ring of protection from magic
MPRegen  0.2/turn               (no ring)

@: no status effects
A: large bone plates 1, frail 1, poison resistance
a: no special abilities


You were on level 6 of the Dungeon.
You were hungry.

You visited 1 branch of the dungeon, and saw 7 of its levels.

You collected 242 gold pieces.

Inventory:

Hand Weapons
 g - a +3 hand axe of venom (weapon)
Armour
 b - a +2 scale mail (worn)
 c - a +0 shield (worn)
 p - a +0 pair of gloves of dexterity (worn)
Jewellery
 q - a ring of protection from magic (left hand)
Wands
 s - a wand of iceblast (11/15)
 t - a wand of lightning (4/15)
Scrolls
 a - a scroll of amnesia {unknown}
 d - a scroll of magic mapping
 i - 4 scrolls of identify
 m - a scroll of blinking
 n - 2 scrolls of teleportation
Potions
 e - a potion of mutation
 j - a potion of haste
Comestibles
 f - 3 bread rations
 k - a meat ration


   Skills:
 * Level 5.2 Fighting
 * Level 6.9 Axes
 * Level 5.2 Armour
 + Level 1.2 Dodging
 + Level 0.1 Stealth
 * Level 6.4 Shields
 * Level 1.2 Evocations


You had 7 spell levels left.
You didn't know any spells.

Dungeon Overview and Level Annotations

Branches:
Dungeon (7/15)
 Temple: D:4-7

Altars:
Elyvilon
Kikubaaqudgha
Qazlal

Annotations:
D:6 Menkaure


Innate Abilities, Weirdness & Mutations

You are partially covered in large bone plates. (SH +4)
You are frail. (-10% HP)
Your system is resistant to poisons. (rPois)


Message History

You are too injured to fight recklessly!
You are too injured to fight recklessly!
You are too injured to fight recklessly!
You feel better. You block Menkaure's attack.
You hit Menkaure.
Menkaure is lightly damaged.
You block Menkaure's attack.
You hear a zap.
You hear a grinding noise.
You hit Menkaure.
Menkaure is moderately damaged.
Menkaure calls on the powers of darkness!
The howler monkey convulses!
Your body is wracked with pain!
* * * LOW HITPOINT WARNING * * *
Your shield and scale mail prevent you from hitting Menkaure.
Menkaure is moderately damaged.
Menkaure hits you!
* * * LOW HITPOINT WARNING * * *
Menkaure points at you and mumbles some strange words.
Pain shoots through your body!
You die...

#.......#.##...####.
#####.........##...# #.
...................# #.
.#.(..........###..# #.
#.#.........#.###..#####
.#.#?...................
.#...#.##.##.###.)#####
#.# #.##.##.# #.)..... .
#@##.##.# ##).....
#M##.##.# #..####
#h##.##.####..# #
#.##.##.......# #
#.##.<........# #
#.############# # #.# #
..# # #


You could see Menkaure and a howler monkey.

Vanquished Creatures
  2 phantoms
  3 scorpions
  A howler monkey (D:5)
  2 crimson imps
  A hound (D:4)
  2 centaur skeletons (D:4)
  An orc priest (D:3)
  An orc wizard (D:6)
  A gnoll shaman (D:5)
  4 worker ants
  A hound zombie (D:5)
  7 adders
  4 gnolls (D:5)
  An ooze (D:6)
  An adder skeleton (D:5)
  2 worms
  2 leopard geckos
  6 orcs
  4 bats
  2 giant cockroaches
  10 hobgoblins
  6 jackals
  6 kobolds
  2 quokkas (D:2)
  3 ball pythons
  6 frilled lizards
  6 goblins
  A leopard gecko zombie (D:4)
  5 rats
93 creatures vanquished.

Notes
Turn   | Place    | Note
-------+----------+-------------------------------------------
     0 | D:1      | homeworkjunkie the Hill Orc Fighter began the quest for the Orb.
     0 | D:1      | Reached XP level 1. HP: 19/19 MP: 1/1
   322 | D:2      | Reached XP level 2. HP: 21/27 MP: 2/2
   454 | D:3      | Reached XP level 3. HP: 31/33 MP: 3/3
   905 | D:3      | Reached XP level 4. HP: 22/40 MP: 4/4
   981 | D:3      | Gained mutation: You are partially covered in large bone plates. (SH +4) [potion of mutation]
   981 | D:3      | Gained mutation: You are frail. (-10% HP) [potion of mutation]
   981 | D:3      | Gained mutation: Your system is resistant to poisons. (rPois) [potion of mutation]
  1544 | D:2      | Reached XP level 5. HP: 42/42 MP: 5/5
  1719 | D:2      | Found a white marble altar of Elyvilon.
  2346 | D:5      | Entered Level 5 of the Dungeon
  2350 | D:5      | Reached XP level 6. HP: 47/47 MP: 6/6
  2352 | D:5      | Reached skill level 5 in Shields
  2560 | D:4      | Reached skill level 5 in Axes
  2590 | D:4      | Reached skill level 1 in Dodging
  2597 | D:4      | Reached skill level 5 in Fighting
  2597 | D:4      | Reached XP level 7. HP: 49/54 MP: 7/7
  3008 | D:5      | Found an ancient bone altar of Kikubaaqudgha.
  3246 | D:5      | Noticed an air elemental
  3248 | D:5      | Found a stormy altar of Qazlal.
  3249 | D:5      | Noticed a fire elemental
  3249 | D:5      | Noticed a water elemental
  3296 | D:5      | Reached skill level 5 in Armour
  3500 | D:6      | Reached XP level 8. HP: 61/61 MP: 8/8
  3517 | D:7      | Got a steaming ring mail
  3536 | D:6      | Identified the +3 ring mail of the Forgotten Spirits {MR+++ Regen+ Str-2 Int-3} (You found it on level 7 of the Dungeon)
  3674 | D:6      | Reached skill level 1 in Evocations
  3699 | D:6      | Noticed Menkaure
  3706 | D:6      | Killed from afar by Menkaure

Skill      XL: |  1  2  3  4  5  6  7  8 |
---------------+-------------------------+-----
Fighting       | 4 5 |  5.2
Axes           | 3 4 5 6 |  6.9
Armour         | 4 5 |  5.2
Shields        | 4 5 6 |  6.4
Dodging        | 1 |  1.2
Evocations     | 1 |  1.2
Stealth        | |  0.1

Action                   |  1- 3 |  4- 6 |  7- 9 || total
-------------------------+-------+-------+-------++-------
Melee: War axe           |    37 |       |       ||    37
       Hand axe          |    43 |   151 |   139 ||   333
  Use: Scroll            |     7 |     2 |     5 ||    14
       Potion            |       |     4 |     4 ||     8
  Eat: Fruit             |     3 |       |       ||     3
       Bread ration      |       |     1 |       ||     1
       Royal jelly       |       |     1 |       ||     1
Armor: Scale mail        |    37 |    55 |    32 ||   124
Dodge: Dodged            |    22 |    43 |    27 ||    92
Block: Shield            |    34 |   107 |    76 ||   217
